 Dungeon Crawl Stone Soup version 0.22.1-2-g9c5b331383 (webtiles) character file.

15586 Adamkad1 the Jinx (level 12, -46/51 HPs)
             Began as a Felid Enchanter on Dec 14, 2018.
             Was a High Priest of Wu Jian.
             Annihilated by Agnes
             ... wielding a +0 lajatang of electrocution
              (53 damage)
             ... on level 14 of the Dungeon on Dec 15, 2018.
             The game lasted 01:09:30 (18480 turns).

Adamkad1 the Jinx (Felid Enchanter)                Turns: 18480, Time: 01:09:30

Health: -46/51     AC:  3    Str:  4    XL:     12   Next: 2%
Magic:  0/23       EV: 38    Int: 16    God:    Wu Jian [*****.]
Gold:   1065       SH:  0    Dex: 29    Spells: 7/25 levels left
                                        Lives:  0   Deaths: 3

rFire    . . .     SeeInvis +     - Unarmed
rCold    + . .     Gourm    .   (shield unavailable)
rNeg     . . .     Faith    .   (armour unavailable)
rPois    .         Spirit   +   (helmet unavailable)
rElec    .         Reflect  .   (cloak unavailable)
rCorr    .         Harm     .   (gloves unavailable)
MR       +....                  (boots unavailable)
Stlth    +++++++++.             g - amulet of guardian spirit
HPRegen  0.17/turn              j - ring of stealth
MPRegen  0.18/turn              x - +2 ring of dexterity

@: agile, quick
A: very small, no armour, no weapons or thrown items, stealth, claws 1, fangs 3,
see invisible, carnivore, speed 1, sense surroundings 1, shaggy fur 3, slow
metabolism 1, no potion heal 1, sharp paws
a: Wall Jump, Serpent's Lash, Heavenly Storm, Renounce Religion


You were on level 14 of the Dungeon.
You worshipped Wu Jian.
Wu Jian was extremely pleased with you.
You were completely stuffed.

You visited 1 branch of the dungeon, and saw 14 of its levels.
You also visited: Bailey.

You collected 1307 gold pieces.
You spent 242 gold pieces at shops.

Inventory:

Jewellery
 g - an amulet of guardian spirit (around neck)
 j - a ring of stealth (left paw)
 v - an uncursed ring of stealth
 x - a +2 ring of dexterity (right paw)
 z - a cursed ring of teleportation {unknown}
 A - an uncursed ring of protection from fire
 B - an uncursed ring of positive energy
 F - an uncursed amulet of harm {unknown}
Wands
 a - a wand of clouds (4)
 f - a wand of iceblast (12)
 i - a wand of polymorph (15)
 m - a wand of digging (6)
 s - a wand of paralysis (38)
 t - a wand of acid (11)
 w - a wand of random effects (24)
 y - a wand of disintegration (8)
 C - a wand of enslavement (13)
Scrolls
 d - a scroll of magic mapping
 e - 12 scrolls of identify
 h - 7 scrolls of teleportation
 k - a scroll of blinking
 l - 5 scrolls of remove curse
 o - 2 scrolls of fog
 E - a scroll of silence {unknown}
Potions
 c - a potion of magic
 n - 4 potions of brilliance
 r - a potion of curing
 u - 2 potions of lignification
Miscellaneous
 D - a fan of gales
Comestibles
 b - 25 rations


   Skills:
 + Level 5.4 Fighting
 * Level 12.0 Dodging
 * Level 14.5 Stealth
 * Level 10.4 Unarmed Combat
 + Level 7.0 Spellcasting
 * Level 14.5 Hexes


You had 7 spell levels left.
You knew the following spells:

 Your Spells              Type           Power        Failure   Level  Hunger
a - Corona                Hex            ######.      1%          1    None
b - Ensorcelled Hibernat  Hex/Ice        ####..       1%          2    None
c - Confuse               Hex            ######..     1%          3    ##.....
d - Tukima's Dance        Hex            ######..     1%          3    ##.....
e - Slow                  Hex            ######..     1%          2    None
f - Leda's Liquefaction   Hex/Erth       ####......   6%          4    ####...
g - Dazzling Spray        Conj/Hex       ####..       1%          3    ##.....

Your spell library contained the following spells:

 Spells                   Type           Power        Failure   Level  Hunger
 Inner Flame              Hex/Fire       ####....     1%          3    ##.....
 Cause Fear               Hex            ######....   1%          4    ####...
 Summon Butterflies       Summ           #.......     12%         1    None
 Summon Mana Viper        Hex/Summ       ####....     17%         5    #####..
 Call Canine Familiar     Summ           #.......     36%         3    ##.....
 Summon Ice Beast         Ice/Summ       #.......     77%         4    ####...
 Irradiate                Conj/Tmut      #.........   98%         5    #####..
 Hydra Form               Tmut           #.........   100%        6    #######
 Statue Form              Tmut/Erth      #........    100%        6    #######
 Dragon Form              Tmut           #.........   100%        7    #######
 Summon Hydra             Summ           #.........   100%        7    #######
 Portal Projectile        Hex/Tloc       Unusable     N/A         3    N/A

Dungeon Overview and Level Annotations

Branches:
Dungeon (14/15)            Temple (0/1) D:7            Lair (0/6) D:9
    Orc (0/2) D:11
 Vaults: D:13-14

Altars:
Ashenzari
Cheibriados
Dithmenos
Elyvilon
Hepliaklqana
Makhleb
Qazlal
Vehumet
Wu Jian
Xom
Zin
The Shining One

Shops:
D:4 %   D:5 =   D:8 ?   D:13 ??(?%

Portals:
Trove: D:12 (give 18 scrolls of identify)

Annotations:
D:8 2 transporters
D:12 exclusion: orange crystal statue
D:14 Agnes, Azrael


Innate Abilities, Weirdness & Mutations

You cannot wear armour.
You are incapable of wielding weapons or throwing items.
Your paws allow you to move quietly. (Stealth)
You have sharp claws.
You have razor-sharp teeth.
You have supernaturally acute eyesight. (SInv)
You are carnivorous and can eat meat at any time.
You cover ground quickly.
Your thick and shaggy fur keeps you warm. (AC +3, rC+)
You have a slow metabolism.
Your sharp claws are effective at attacking unaware monsters.
You passively map a small area around you.
Potions are less effective at restoring your health.


Message History

Agnes barely misses you.
Casting: Confuse (safe; 1% risk of failure)
Confirm with . or Enter, or press ? or * to list all spells.
Okay, then.
Your system partially rejects the healing.
You feel much better. Agnes misses you. Agnes completely misses you.
You feel agile all of a sudden.
Agnes hits you with a lajatang of electrocution!!!
Ouch! That really hurt!
* * * LOW HITPOINT WARNING * * *
Agnes closely misses you. Agnes completely misses you.
Agnes rages.
Agnes completely misses you.
Agnes hits you with a lajatang of electrocution.
* * * LOW HITPOINT WARNING * * *
Your system partially rejects the healing.
You feel better.
Agnes hits you with a lajatang of electrocution!!!
Ouch! That really hurt!
You die...

, * ##'## #.....÷# *
#.# #.#.#..# #.#
#..###.## ##.## #.#*
##.# ,#########...##
#..###.## *
#............#
#.#.#..#
,......##....##
#......# #.###
#.#.###########.###
#.##.#.###@..÷.....#
#........i.#########
, ####.#.##### *
#.#.# , ,..#.#
*####.# , ####.####
* #.....§§#
.$...?.#R#


You could see Agnes (berserk).

Vanquished Creatures
  Harold (D:11)
  A centaur warrior (D:14)
  A hydra (D:12)
  3 two-headed ogres
  A tengu warrior (D:13)
  Nergalle (D:11)
  An unseen horror (D:14)
  Pikel (D:4)
  2 orc knights
  A phantasmal warrior (D:14)
  3 ugly things
  The ghost of gothhamster the Cudgeler, a novice MiFi of Uskayaw (D:5)
  Psyche (D:9)
  A komodo dragon (D:9)
  A kobold demonologist (D:11)
  7 trolls
  A hornet (D:9)
  8 slime creatures
  A meliai zombie (D:13)
  3 hippogriffs
  A spriggan (D:10)
  13 yaks
  A shadow (D:13)
  A vampire (D:13)
  A chaos spawn (D:14)
  A basilisk (D:11)
  4 vampire mosquitoes (D:13)
  A swamp worm (shapeshifter) (D:14)
  An acid dragon (D:10)
  A hell hound (D:14)
  5 ice beasts
  6 orc warriors
  A black bear (D:7)
  5 sky beasts
  A necrophage (D:10)
  6 ogres
  A phantom (D:11)
  2 eyes of draining
  7 centaurs
  A big kobold (D:6)
  9 bullfrogs
  A wyvern zombie (D:8)
  5 scorpions
  9 killer bees
  3 wights (D:8)
  An electric eel (D:12)
  A howler monkey (D:10)
  4 bullfrog zombies
  5 crimson imps
  7 centaur zombies
  6 hounds
  6 jellies
  3 centaur skeletons
  A gnoll shaman (D:7)
  6 orc priests
  14 orc wizards
  2 bullfrog skeletons
  Jessica (D:2)
  3 iguanas
  17 worker ants
  A hound skeleton (D:7)
  A hound zombie (D:6)
  A howler monkey zombie (D:5)
  9 adders
  9 gnolls
  3 shadow imps
  An ooze (D:1)
  2 worms (D:2)
  2 dart slugs
  6 leopard geckos
  52 orcs
  8 bats
  6 giant cockroaches
  12 goblins
  4 hobgoblins
  4 jackals (D:7)
  37 kobolds
  7 quokkas
  A ball python (D:2)
  3 frilled lizards
  A leopard gecko skeleton (D:6)
  5 rats
  3 plants (D:6)
382 creatures vanquished.

Vanquished Creatures (collateral kills)
  A killer bee (D:8)
1 creature vanquished.

Vanquished Creatures (others)
  A chaos spawn (D:14)
  A slave (D:5)
  An orc wizard (D:5)
  3 orcs
  A bat (D:3)
  7 plants
14 creatures vanquished.

Grand Total: 397 creatures vanquished

Notes
Turn   | Place    | Note
-------+----------+-------------------------------------------
     0 | D:1      | Adamkad1 the Felid Enchanter began the quest for the Orb.
     0 | D:1      | Reached XP level 1. HP: 7/7 MP: 4/4
   260 | D:1      | Reached XP level 2. HP: 6/11 MP: 4/6
   297 | D:1      | Learned a level 2 spell: Ensorcelled Hibernation
   933 | D:1      | Reached XP level 3. HP: 15/15 MP: 7/7
  1191 | D:2      | Found a shattered altar of Ashenzari.
  1388 | D:2      | Reached skill level 5 in Hexes
  1427 | D:2      | Noticed Jessica
  1434 | D:2      | Killed Jessica
  1434 | D:2      | Reached XP level 4. HP: 17/18 MP: 8/8
  1690 | D:2      | Found a glowing golden altar of the Shining One.
  1752 | D:2      | Reached skill level 1 in Fighting
  1752 | D:2      | Reached skill level 5 in Stealth
  2434 | D:3      | Found a shadowy altar of Dithmenos.
  2436 | D:3      | Found a hazy altar of Hepliaklqana.
  2439 | D:3      | Reached XP level 5. HP: 22/22 MP: 9/9
  2733 | D:2      | Learned a level 3 spell: Confuse
  2737 | D:2      | Learned a level 3 spell: Tukima's Dance
  2816 | D:3      | Found a radiant altar of Vehumet.
  3589 | D:3      | Gained mutation: You are covered in thick fur. (AC +2)
                  | [Felid growth]
  3589 | D:3      | Reached XP level 6. HP: 11/25 MP: 3/11
  4279 | D:4      | Found Uchobb's Food Emporium.
  4286 | D:4      | Found a snail-covered altar of Cheibriados.
  4745 | D:4      | Reached XP level 7. HP: 28/28 MP: 12/12
  4968 | D:5      | Entered Level 5 of the Dungeon
  5331 | D:5      | Noticed Pikel
  5462 | D:4      | Killed Pikel
  5462 | D:4      | Reached skill level 5 in Dodging
  5462 | D:4      | Reached XP level 8. HP: 10/32 MP: 3/14
  5720 | D:5      | Shot with an arrow by a centaur
  5721 | D:5      | Reached XP level 7. HP: -5/28 MP: 0/13
  5840 | D:5      | Found Tadit's Jewellery Boutique.
  5959 | D:5      | Found a runed gate.
  5959 | D:5      | Found a runed gate.
  5964 | D:5      | Reached skill level 5 in Unarmed Combat
  5966 | D:5      | Found a runed gate.
  5970 | D:5      | Noticed gothhamster's ghost (novice MiFi)
  6210 | D:6      | Reached XP level 8. HP: 32/32 MP: 10/14
  6390 | D:6      | Noticed a troll
  6416 | D:6      | Killed a troll
  6576 | D:6      | Found a burning altar of Makhleb.
  7008 | D:6      | Found a white marble altar of Elyvilon.
  7146 | D:6      | Found a shimmering altar of Xom.
  7171 | D:6      | Found an ornate altar of the Wu Jian Council.
  7181 | D:6      | Became a worshipper of the Wu Jian Council
  7993 | D:5      | Killed gothhamster's ghost
  7993 | D:5      | Reached XP level 9. HP: 19/35 MP: 5/16
  8173 | D:7      | Reached skill level 10 in Stealth
  8275 | D:7      | Reached skill level 10 in Hexes
  8316 | D:7      | Found a stormy altar of Qazlal.
  8349 | D:7      | Found a staircase to the Ecumenical Temple.
  8354 | D:7      | Reached * piety under Wu Jian
  8792 | D:6      | HP: 1/35 [orc priest/falchion (5)]
  9726 | D:7      | Found a stormy altar of Qazlal.
  9726 | D:7      | Found a glowing silver altar of Zin.
  9893 | D:8      | Found a transporter.
  9899 | D:8      | Noticed a kobold demonologist
  9914 | D:8      | Found a transporter.
  9987 | D:8      | Noticed a kobold demonologist
 10342 | D:8      | Found Puffau Fyro's Magic Scroll Emporium.
 10515 | D:8      | Reached skill level 5 in Spellcasting
 10531 | D:8      | Slain by a killer bee
 10532 | D:8      | Reached XP level 8. HP: -1/32 MP: 0/16
 10554 | D:8      | Reached ** piety under Wu Jian
 10729 | D:9      | Found a burning altar of Makhleb.
 10729 | D:9      | Noticed a troll
 10737 | D:9      | Noticed a two-headed ogre
 10738 | D:9      | Killed a troll
 10738 | D:9      | Reached XP level 9. HP: 36/36 MP: 17/17
 10760 | D:9      | Killed a two-headed ogre
 11100 | D:9      | Noticed a troll
 11102 | D:9      | Killed a troll
 11219 | D:9      | Found a staircase to the Lair.
 11221 | D:9      | Noticed a komodo dragon
 11223 | D:9      | Noticed Psyche
 11232 | D:9      | Killed Psyche
 11248 | D:9      | Killed a komodo dragon
 11248 | D:9      | Reached XP level 10. HP: 23/40 MP: 2/19
 11788 | D:10     | Entered Level 10 of the Dungeon
 11956 | D:10     | Reached *** piety under Wu Jian
 12027 | D:10     | Noticed a two-headed ogre
 12037 | D:10     | Killed a two-headed ogre
 12129 | D:10     | Noticed an orc knight
 12342 | D:10     | Noticed a purple ugly thing
 12862 | D:10     | Killed a purple ugly thing
 13063 | D:10     | Found a shattered altar of Ashenzari.
 13163 | D:10     | Killed an orc knight
 13201 | D:10     | Learned a level 2 spell: Slow
 13206 | D:10     | Learned a level 4 spell: Leda's Liquefaction
 13438 | D:11     | Noticed a white ugly thing
 13567 | D:11     | Killed a white ugly thing
 13567 | D:11     | Reached XP level 11. HP: 45/45 MP: 10/20
 13744 | D:11     | Noticed a two-headed ogre
 13755 | D:11     | Killed a two-headed ogre
 13755 | D:11     | Reached **** piety under Wu Jian
 13845 | D:11     | Reached skill level 10 in Dodging
 13852 | D:11     | Noticed Harold
 13866 | D:11     | Killed Harold
 14137 | D:11     | Found a staircase to the Orcish Mines.
 14165 | D:11     | Noticed a red ugly thing
 14179 | D:11     | Killed a red ugly thing
 14586 | D:11     | Noticed Nergalle
 14595 | D:11     | Killed Nergalle
 14903 | D:12     | Found a portal to a secret trove of treasure.
 15301 | D:12     | Noticed a four-headed hydra
 15303 | D:12     | Killed a four-headed hydra
 15357 | D:12     | Gained mutation: Your thick and shaggy fur keeps you warm.
                  | (AC +3, rC+) [Felid growth]
 15357 | D:12     | Reached XP level 12. HP: 50/50 MP: 22/22
 15773 | D:12     | Gained mutation: You are agile. (Dex +2) [potion of
                  | mutation]
 15773 | D:12     | Gained mutation: You possess an exceptional clarity of
                  | mind. [potion of mutation]
 15773 | D:12     | Gained mutation: You can translocate small distances at
                  | will. [potion of mutation]
 15776 | D:12     | Lost mutation: You are agile. (Dex +2) [potion of mutation]
 15776 | D:12     | Lost mutation: You possess an exceptional clarity of mind.
                  | [potion of mutation]
 15776 | D:12     | Lost mutation: You can translocate small distances at will.
                  | [potion of mutation]
 15776 | D:12     | Gained mutation: Potions are less effective at restoring
                  | your health. [potion of mutation]
 15776 | D:12     | Gained mutation: You passively map a small area around you.
                  | [potion of mutation]
 16078 | D:12     | Killed from afar by a deep elf mage
 16079 | D:12     | Reached XP level 11. HP: -3/46 MP: 0/21
 16343 | D:13     | Found Nyqiukk's Magic Scroll Boutique.
 16348 | D:13     | Bought a scroll of identify for 22 gold pieces
 16348 | D:13     | Bought a scroll of identify for 22 gold pieces
 16348 | D:13     | Bought a scroll of identify for 22 gold pieces
 16348 | D:13     | Bought a scroll of identify for 22 gold pieces
 16363 | D:13     | Found Lusu's Food Boutique.
 16376 | D:13     | Found Ideacu's Antique Weapon Emporium.
 16454 | D:13     | Reached ***** piety under Wu Jian
 16557 | D:13     | Found Qizumiu's Magic Scroll Emporium.
 16562 | D:13     | Bought a scroll of blinking for 90 gold pieces
 16703 | D:13     | Reached skill level 5 in Fighting
 16736 | D:13     | Reached skill level 10 in Unarmed Combat
 16841 | D:13     | Found Ykleroir's Magic Scroll Boutique.
 16844 | D:13     | Bought a scroll of identify for 32 gold pieces
 16844 | D:13     | Bought a scroll of identify for 32 gold pieces
 17061 | D:14     | Noticed a tengu warrior
 17070 | D:14     | Noticed a tengu warrior
 17096 | D:13     | Killed a tengu warrior
 17131 | D:14     | Found a flagged portal.
 17151 | Bailey   | Entered a bailey
 17222 | Bailey   | Learned a level 3 spell: Dazzling Spray
 17501 | Bailey   | Noticed an orc knight
 17503 | Bailey   | Killed an orc knight
 17565 | D:14     | Found a shimmering altar of Xom.
 17565 | D:14     | Noticed an unseen horror
 17566 | D:14     | Found the +7 mace of Variability {chain chaos}
 17571 | D:14     | Killed an unseen horror
 17580 | D:14     | Noticed a death knight
 17601 | D:14     | Noticed a skeletal warrior
 17607 | D:14     | Noticed Azrael
 17625 | D:14     | Noticed a phantasmal warrior
 17665 | D:14     | Killed a phantasmal warrior
 17785 | D:14     | Found a white marble altar of Elyvilon.
 17833 | D:14     | Noticed a centaur warrior
 17854 | D:14     | Killed a centaur warrior
 17866 | D:14     | Noticed a death knight
 17877 | D:14     | Noticed a skeletal warrior
 18070 | D:14     | Noticed an enchanted long sword
 18167 | D:14     | Reached XP level 12. HP: 45/51 MP: 13/23
 18464 | D:14     | Noticed Agnes
 18479 | D:14     | HP: 1/51 [Agnes/lajatang of electrocution (4)]
 18480 | D:14     | Annihilated by Agnes

Skill      XL: |  1  2  3  4  5  6  7  8  9 10 11 |
---------------+----------------------------------+-----
Dodging        | 3 4 5 6 8 9 12 | 12.0
Hexes          | 5 6 8 11 10 12 14 | 14.5
Unarmed Combat | 2 3 5 6 7 8 10 | 10.4
Fighting       | 1 2 3 5 |  5.4
Stealth        | 5 6 8 9 11 12 14 | 14.5
Spellcasting   | 3 4 5 7 |  7.0

Action                   |  1- 3 |  4- 6 |  7- 9 | 10-12 || total
-------------------------+-------+-------+-------+-------++-------
Melee: Unarmed           |    64 |    80 |   342 |   289 ||   775
       Punch             |     1 |     1 |     8 |    10 ||    20
       Bite              |       |       |    37 |    22 ||    59
 Cast: Corona            |     6 |       |       |       ||     6
       Ensorcelled Hiber |    21 |    54 |   154 |   131 ||   360
       Confuse           |       |     1 |    16 |    39 ||    56
       Tukima's Dance    |       |       |     1 |       ||     1
       Dazzling Spray    |       |       |       |     7 ||     7
Invok: Lunge             |       |       |    47 |    94 ||   141
       Whirlwind         |       |       |    34 |    76 ||   110
       Wall Jump         |       |       |     1 |    51 ||    52
Evoke: Fan of gales      |       |       |       |     1 ||     1
       Wand              |       |       |       |    18 ||    18
  Use: Scroll            |       |     4 |       |    19 ||    23
       Potion            |       |     3 |       |     9 ||    12
 Stab: Sleeping          |    22 |    40 |   116 |   128 ||   306
       Confused          |       |     2 |    13 |    33 ||    48
       Distracted        |       |       |       |     5 ||     5
  Eat: Chunk             |    10 |     9 |    28 |    21 ||    68
Armor: Skin              |     6 |     2 |     5 |     7 ||    20
Dodge: Dodged            |    48 |    80 |   136 |   270 ||   534
